AoeStats
← 白馬义从

Oasis

510071170Analyzed
4v4 RM · 2d ago on Sep 29, 2026· 44m 43s· 8 players
Game mode
Random Map
Map size
Large (8 player)
Population
200
Speed
Normal
Resources
Standard
Victory
Conquest
Starting age
Dark Age
Ending age
Imperial Age
RankedLock teamsTeams togetherTeam positionsShared explorationLock speedFull tech treeHidden civsTurbo modeCheats
Victory
Defeat
🇺🇦 Berbers · Ukraine
893
+15
🇦🇷 Franks · Argentina
887
+15
🇷🇺 Ethiopians · Russia
879
+16
🇬🇧 Mongols · United Kingdom
864
+16
🇦🇺 Franks · Australia
933
-17
🇺🇸 Burgundians · United States
906
-17
🇹🇷 Bohemians · Türkiye
829
-14
🇵🇷 Persians · Puerto Rico
827
-14
GingerTom
0:56 Loom
12:26 Feudal Age
14:37 Double-Bit Axe
15:35 Horse Collar
21:57 Castle Age
23:05 Husbandry
23:15 Bloodlines
23:37 Heavy Plow
23:57 Bow Saw
28:34 Wheelbarrow
28:20 Gold Mining
29:22 Ballistics
29:48 Gold Shaft Mining
29:44 Fletching
29:54 Padded Archer Armor
30:55 Bodkin Arrow
31:01 Stone Mining
31:35 Hand Cart
31:58 Thumb Ring
34:56 Leather Archer Armor
38:10 Imperial Age
35:28 Town Watch
35:55 Caravan
37:04 Fortified Wall
36:50 Murder Holes
37:12 Masonry
37:14 Forging
37:09 Scale Barding Armor
38:04 Stone Shaft Mining
38:33 Elite Mangudai
39:34 Conscription
38:37 Light Cavalry
39:20 Bracer
40:22 Chemistry
39:57 Parthian Tactics
41:43 Hussar
43:04 Iron Casting
42:50 Chain Barding Armor
42:38 Siege Engineers
44:21 Drill
43:50 Arson
44:05 Squires
白馬义从
0:41 Loom
10:08 Feudal Age
11:37 Double-Bit Axe
18:41 Castle Age
17:37 Stone Mining
18:34 Gold Mining
23:47 Town Watch
24:28 Scale Barding Armor
26:09 Bow Saw
30:30 Forging
31:24 Wheelbarrow
31:42 Gold Shaft Mining
35:18 Imperial Age
32:45 Elite Skirmisher
34:32 Elite Skirmisher
37:06 Chemistry
36:39 Fletching
37:25 Iron Casting
36:42 Cavalier
38:01 Husbandry
37:58 Pikeman
39:50 Ballistics
39:53 Conscription
39:55 Chain Barding Armor
40:19 Chivalry
40:25 Squires
41:38 Treadmill Crane
42:19 Hand Cart
42:06 Town Patrol
42:15 Gambesons
42:51 Scale Mail Armor
44:31 Capped Ram
HoLeeFuk
12:01 Feudal Age
10:20 Loom
12:06 Feudal Age
16:29 Castle Age
14:51 Double-Bit Axe
14:50 Horse Collar
17:37 Arson
18:49 Scale Mail Armor
25:11 Royal Heirs
25:26 Forging
26:13 Chain Mail Armor
37:20 Squires
40:53 Iron Casting
40:15 Gold Mining
\mayre/
10:20 Feudal Age
8:36 Loom
10:47 Double-Bit Axe
11:30 Horse Collar
19:52 Castle Age
18:42 Wheelbarrow
18:27 Scale Barding Armor
18:27 Gold Mining
19:29 Bloodlines
19:50 Stone Mining
21:05 Bow Saw
20:56 Heavy Plow
21:04 Husbandry
22:28 Forging
23:41 Gold Shaft Mining
24:18 Stone Shaft Mining
25:13 Iron Casting
24:58 Chain Barding Armor
25:10 Chain Barding Armor
24:53 Light Cavalry
29:46 Kasbah
30:44 Fervor
30:46 Caravan
31:16 Coinage
33:17 Hand Cart
32:48 Town Watch
36:35 Imperial Age
36:14 Town Patrol
36:56 Hussar
38:38 Blast Furnace
38:13 Plate Barding Armor
38:15 Crop Rotation
37:12 Heavy Camel Rider
38:30 Banking
40:31 Guilds
41:17 Conscription
41:11 Maghrebi Camels
44:06 Masonry
43:36 Treadmill Crane
43:52 Murder Holes
MoscaReload
6:15 Loom
10:46 Feudal Age
11:41 Double-Bit Axe
13:17 Horse Collar
14:33 Heavy Plow
15:14 Bow Saw
21:35 Castle Age
yamir0000
7:48 Loom
10:42 Feudal Age
12:13 Double-Bit Axe
17:25 Wheelbarrow
21:04 Castle Age
21:05 Forging
21:00 Scale Barding Armor
23:57 Husbandry
26:02 Hand Cart
29:09 Iron Casting
31:26 Chain Barding Armor
37:02 Crossbowman
37:37 Fletching
37:47 Padded Archer Armor
39:41 Kamandaran
40:20 Thumb Ring
FthFth
2:37 Loom
12:42 Feudal Age
18:25 Castle Age
16:56 Double-Bit Axe
16:58 Horse Collar
21:40 Bow Saw
21:57 Heavy Plow
22:08 Pikeman
24:54 Squires
27:43 Ballistics
31:06 Chemistry
33:29 Murder Holes
36:48 Imperial Age
37:15 Forging
38:47 Wheelbarrow
40:37 Halberdier
41:03 Arson
41:29 Scale Mail Armor
43:33 Chain Mail Armor
TheHam
2:59 Loom
11:10 Feudal Age
18:34 Castle Age
17:52 Double-Bit Axe
22:03 Town Watch
28:06 Wheelbarrow
28:57 Town Patrol
29:49 Fortified Wall
30:55 Bow Saw
33:06 Forging
33:02 Scale Barding Armor
35:29 Imperial Age
33:14 Hand Cart
33:23 Hand Cart
33:25 Husbandry
33:48 Murder Holes
34:14 Ballistics
34:05 Masonry
33:51 Fletching
35:14 Bodkin Arrow
36:34 Iron Casting
36:21 Chain Barding Armor
35:35 Cavalier
36:38 Chivalry
36:59 Conscription
37:42 Chemistry
36:49 Siege Engineers
37:15 Architecture
37:04 Gold Mining
37:04 Stone Mining
39:50 Blast Furnace
40:42 Hoardings
40:40 Architecture
42:33 Plate Barding Armor
42:51 Paladin
Connection lost

Rejoining the realm…

Still unreachable

The connection could not be restored.

Session expired

The server has moved on; the page needs a fresh start.